 Dungeon Crawl Stone Soup version 0.31-a0-112-gdf0485fa37 (webtiles) character file.

Game seed: 8306965535124322465

426 TheGamechu the Trooper (level 6, -5/56 HPs)
             Began as a Hill Orc Fighter on May 29, 2023.
             Was an Initiate of Beogh.
             Succumbed to Edmund's poison
             ... on level 4 of the Dungeon.
             The game lasted 00:11:17 (2940 turns).

TheGamechu the Trooper (Hill Orc Fighter)           Turns: 2940, Time: 00:11:17

Health: -5/56      AC: 12    Str: 19    XL:     6   Next: 97%
Magic:  6/6        EV:  7    Int:  8    God:    Beogh [......]
Gold:   158        SH:  5    Dex: 12    Spells: 5/5 levels left

rFire   + . .        a - +0 war axe
rCold   x . .        c - +0 buckler
rNeg    . . .        w - +0 chain mail
rPois   .            m - +0 helmet
rElec   .            (no cloak)
rCorr   +            (no gloves)
SInv    .            s - +0 pair of boots
Will    .....        (no amulet) Stlth
                     f - ring of resist corrosion
HPRegen 0.29/turn    u - ring of fire
MPRegen 0.10/turn

%: no passive effects
@: mighty, lethally poisoned (-5 -> -33)
A: no striking features
a: Renounce Religion


You were on level 4 of the Dungeon.
You worshipped Beogh.
Beogh was noncommittal.
You visited 1 branch of the dungeon, and saw 4 of its levels.

You collected 158 gold pieces.

Inventory:

Hand Weapons
 a - a +0 war axe (weapon)
Missiles
 h - 2 boomerangs
 o - 39 stones
 v - 7 poisoned darts (quivered)
Armour
 c - a +0 buckler (worn)
 m - a +0 helmet (worn)
 s - a +0 pair of boots (worn)
 w - a +0 chain mail (worn)
Jewellery
 f - a ring of resist corrosion (left hand)
 u - a ring of fire (right hand)
Wands
 t - a wand of light (2)
Scrolls
 b - 4 scrolls of identify
 g - a scroll of magic mapping {unknown}
 k - a scroll of fog {unknown}
 n - a scroll of acquirement {unknown}
 q - 2 scrolls of enchant weapon {unknown}
 r - a scroll of teleportation {unknown}
Potions
 j - a potion of haste
 p - a potion of lignification {unknown}
 x - a potion of enlightenment {unknown}


   Skills:
 + Level 5.5 Fighting
 + Level 5.2 Axes
 + Level 1.7 Throwing
 + Level 5.0 Armour
 - Level 4.2 Shields


You had 5 spell levels left.
You didn't know any spells.
Your spell library contained the following spells:

 Spells                   Type           Power      Damage    Failure   Level
 Ensorcelled Hibernation  Hex/Ice        0%         N/A       99%         2
 Passwall                 Tmut/Erth      0%         N/A       99%         2
 Swiftness                Air            0%         N/A       100%        3
 Animate Dead             Necr           0%         N/A       100%        4
 Leda's Liquefaction      Hex/Erth       0%         N/A       100%        4
 Borgnjor's Vile Clutch   Necr/Erth      0%         N/A       100%        5
 Lee's Rapid Deconstruct  Erth           0%         3d4*      100%        5
 Death Channel            Necr           0%         N/A       100%        6
 Leda's Unmaking          Conj/Erth      0%         9d1       100%        6
 Statue Form              Tmut/Erth      0%         N/A       100%        6


Dungeon Overview and Level Annotations

Branches:
Dungeon (4/15)
 Temple: D:4-7

Altars:

Shops:
D:1 :

Annotations:
D:4 Edmund


Message History

Throw: 8 darts (poison)
Press: ? - help, Q - select action, (/) - cycle Shift-Dir - straight line, f - Edmund
Aim: Edmund, wielding a +0 dire flail of venom and wearing a +1 ring mail of cold resistance (63% to hit)
You throw a poisoned dart. The poisoned dart barely misses Edmund.
You hit Edmund but do no damage.
Edmund drinks a potion.
Edmund seems to grow stronger.
You hit Edmund.
Edmund is lightly wounded.
Edmund hits you with a +0 dire flail of venom.
You hit Edmund.
Edmund is lightly wounded.
You block Edmund's attack. Edmund hits you but does no damage.
You slash Edmund!
Edmund is moderately wounded.
Edmund hits you with a +0 dire flail of venom!
You closely miss Edmund.
Edmund is moderately wounded.
Edmund hits you with a +0 dire flail of venom!!
You are poisoned.
You feel much better.
You feel very sick. Edmund barely misses you.
You feel very mighty all of a sudden.
You feel very sick. Edmund barely misses you.
You barely miss Edmund.
Edmund is moderately wounded.
You feel very sick.
Edmund hits you with a +0 dire flail of venom!
You are lethally poisoned!
Edmund hits you with a +0 dire flail of venom!
* * * LOW HITPOINT WARNING * * *
You are more poisoned.
Blink to where?
Press: ? - help, Dir - move target, p - Edmund
As you read the scroll of blinking, it crumbles to dust.
* * * LOW HITPOINT WARNING * * *
You feel extremely sick.
It was a potion of magic.
Magic courses through your body.
You die...

............. #.#
#.......### ##.#
#@#... #... #.#.##
...#####... #....#
.........†. ###..#
##.#####... #..#
...........
#..#.###########...
#.@#.#......)......
#..#.#.#########...
.#####..#.#.# #...
........#.#.# ####
#######.#<#.#
........#.#.###
..............#
#########.#####
#......!.


You could see Edmund (strong).

Vanquished Creatures
  Sigmund (D:3)
  An ogre (D:4)
  A hound (D:3)
  Terence (D:2)
  An iguana (D:4)
  An orc wizard (D:3)
  2 adders (D:3)
  A worm (D:3)
  A dart slug (D:2)
  6 orcs
  5 bats
  4 endoplasms
  6 goblins
  7 hobgoblins
  2 jackals (D:2)
  5 kobolds
  2 quokkas
  4 ball pythons
  2 frilled lizards (D:2)
  6 rats
59 creatures vanquished.

Notes
Turn   | Place    | Note
-------+----------+-------------------------------------------
     0 | D:1      | TheGamechu the Hill Orc Fighter began the quest for the
                  | Orb.
     0 | D:1      | Reached XP level 1. HP: 19/19 MP: 1/1
   126 | D:1      | Reached XP level 2. HP: 22/27 MP: 2/2
   281 | D:1      | Found Bolysk's Book Shoppe.
   773 | D:2      | Reached XP level 3. HP: 33/33 MP: 3/3
  1109 | D:2      | Noticed Terence
  1266 | D:3      | Identified the +1 leather armour "Beucokh" {rCorr Str+2}
  1398 | D:3      | Reached XP level 4. HP: 38/41 MP: 4/4
  1485 | D:3      | Noticed Sigmund
  1588 | D:2      | Killed Terence
  1986 | D:3      | Reached XP level 5. HP: 25/47 MP: 5/5
  2509 | D:3      | Killed Sigmund
  2510 | D:3      | Reached skill level 5 in Fighting
  2510 | D:3      | Reached skill level 1 in Throwing
  2510 | D:3      | Reached XP level 6. HP: 40/56 MP: 6/6
  2618 | D:4      | Became a worshipper of Beogh the Brigand
  2767 | D:4      | Reached skill level 5 in Axes
  2767 | D:4      | Reached skill level 5 in Armour
  2926 | D:4      | Noticed Edmund
  2939 | D:4      | HP: 2/56 [poisoned by Edmund]
  2940 | D:4      | Succumbed to Edmund's poison

Illustrated notes

Levels and vault maps discovered:
D:1:      tarquinn_simple_flora_water_a, layout_basic, serial_shops,
          nicolae_shop_window_shopping
D:2:      layout_rooms, ebering_ecumenical_altar_sacrificial,
          minmay_heptomino_h4, uniq_terence
D:3:      layout_loops_ring, uniq_sigmund
D:4:      layout_basic, uniq_edmund

Skill      XL: |  1  2  3  4  5  6 |
---------------+-------------------+-----
Axes           | 3 4 5 |  5.2
Fighting       | 4 5 |  5.5
Armour         | 4 5 |  5.0
Shields        | 4 |  4.2
Throwing       | 1 |  1.7

Action                     |  1- 3 |  4- 6 || total
---------------------------+-------+-------++-------
  Melee: War axe           |    86 |    88 ||   174
  Throw: Stone             |     1 |     3 ||     4
         Dart              |       |    11 ||    11
 Invoke: Convert to Beogh  |       |     1 ||     1
    Use: Scroll            |     2 |     4 ||     6
         Potion            |       |     3 ||     3
 Armour: Scale mail        |    35 |     4 ||    39
         Chain mail        |       |    53 ||    53
  Dodge: Dodged            |    56 |    25 ||    81
  Block: Buckler           |    14 |    15 ||    29

Table legend: (Time is in decaauts)
 A = Elapsed time spent in this place.
 B = Non-inter-level travel time spent in this place.
 C = Inter-level travel time spent in this place.
 D = Time resting spent in this place.
 E = Time spent auto-exploring this place.
 F = Levels seen in this place.
 G = Mean time per level.
                   A        B        C        D        E       F      G
               +--------+--------+--------+--------+--------+-----+--------+
         Total |   3004 |   2815 |    189 |    110 |   1772 |   4 |  751.0 |
       Dungeon |   3004 |   2815 |    189 |    110 |   1772 |   4 |  751.0 |
               +--------+--------+--------+--------+--------+-----+--------+

Top non-repeatable levels by time:
     D:3: 1230 daAuts
     D:1: 874 daAuts
     D:2: 536 daAuts
     D:4: 363 daAuts
